Wolves vs Crunch

Created - Thursday, December 11, 2014 at 21:27

Goals
1 2 3 OT1 SO T
Wolves 0 0 1 0 2 2
Crunch 1 0 0 0 1 1
Shots
1 2 3 OT1 SO T
Wolves 4 4 9 3 4 20
Crunch 13 10 13 1 4 37

1st period

1. Crunch , Zach Trotman 4 (Phillip Danault, Stanislav Galiev) at 17:53

Penalties :
Jared Boll (CHI) for Interference (Minor) at 8:20

2nd period

No Goal

Penalties :
Dane Byers (CHI) for Hooking (Minor) at 2:04

3rd period

2. Wolves , Jared Boll 10 (Jordan Schroeder) at 15:17

Penalties :
Zach Trotman (SYR) for Fighting (Major) at 0:10, Jared Boll (CHI) for Fighting (Major) at 0:10, Jordin Tootoo (SYR) for Fighting (Major) at 1:10, Corbin McPherson (CHI) for Fighting (Major) at 1:10, Nick Jensen (SYR) for Fighting (Major) at 3:36, Dane Byers (CHI) for Fighting (Major) at 3:36

Overtime #1

No Goal

Penalties :
No Penalty

Shootout

Penalty Shot by Chris Terry for Wolves - Shot Misses the Net
Penalty Shot by Andre Petersson for Crunch - Shot Misses the Net
Penalty Shot by Jordan Schroeder for Wolves - Stopped by John Curry
Penalty Shot by Jordin Tootoo for Crunch - Stopped by Peter Mannino
Penalty Shot by Jared Boll for Wolves - Goal!
Penalty Shot by Corban Knight for Crunch - Goal!
Penalty Shot by Daniel Carcillo for Wolves - Goal!
Penalty Shot by Travis Oleksuk for Crunch - Shot Misses the Net

Penalties :
No Penalty

Goalie Stats

Peter Mannino (CHI), 36 saves from 37 shots - (0.973), W, 13-4-2, 65:00 minutes
John Curry (SYR), 19 saves from 20 shots - (0.950), OTL, 16-10-3, 65:00 minutes

Players Stats for Wolves

Player Name              G  A  P  +/- PIM S  H  SB GA TA FO     MP     PP MP  PK MP  
------------------------------------------------------------------------------------
A.J. Jenks               0  0  0   0  0   0  0  0  0  0  0/0     0:00   0:00   0:00 
Aaron Volpatti           0  0  0   0  0   5  4  0  0  0  0/1    21:02   0:00   0:00 
Cedric Paquette          0  0  0   0  0   0  2  1  1  0  1/6    14:07   0:00   0:00 
Chris Terry              0  0  0   0  0   1  3  1  3  2  5/8    23:14   0:00   3:08 
Christian Hanson         0  0  0   0  0   0  0  0  0  1  0/0    12:51   0:00   0:26 
Corbin McPherson         0  0  0   1  5   3  2  1  0  4  0/0    25:29   0:00   1:34 
Dane Byers               0  0  0   0  7   1  3  0  2  0  0/0    14:33   0:00   0:00 
Daniel Carcillo          0  0  0   0  0   0  0  3  2  0  0/1    15:55   0:00   0:50 
Jared Boll               1  0  1   1  7   3  3  0  0  0  1/1    15:16   0:00   0:24 
Joel Broda               0  0  0  -1  0   0  1  0  1  2  1/7    17:34   0:00   0:00 
Jordan Schroeder         0  1  1   1  0   3  2  2  1  2  3/10   22:27   0:00   3:08 
Kent Huskins             0  0  0  -1  0   0  0  3  0  2  0/0    29:03   0:00   2:24 
Landon Ferraro           0  0  0  -1  0   2  1  0  0  0  2/6    14:33   0:00   0:00 
Logan Shaw               0  0  0   0  0   0  1  1  0  0  0/0    14:59   0:00   0:00 
Mark Pysyk               0  0  0   0  0   0  1  5  0  1  0/0    30:35   0:00   2:24 
Michael Caruso           0  0  0   0  0   0  2  1  1  0  0/0    25:34   0:00   1:34 
Yann Sauve               0  0  0   0  0   0  1  0  0  1  0/0     7:16   0:00   0:00 
Yannick Weber            0  0  0   0  0   2  0  0  1  0  0/0    11:25   0:00   0:00 

Players Stats for Crunch

Player Name              G  A  P  +/- PIM S  H  SB GA TA FO     MP     PP MP  PK MP  
------------------------------------------------------------------------------------
Andre Petersson          0  0  0   0  0   5  1  0  1  0  0/0    17:12   2:27   0:00 
Anton Zlobin             0  0  0   1  0   4  0  1  1  0  1/1    12:54   0:00   0:00 
Brodie Reid              0  0  0  -1  0   1  0  0  3  0  0/0    12:57   0:00   0:00 
Chad Billins             0  0  0   0  0   4  2  1  0  2  0/0    23:54   2:12   0:00 
Corban Knight            0  0  0   0  0   3  1  0  4  0  10/17  20:05   2:27   0:00 
Danny Syvret             0  0  0   0  0   2  1  2  0  0  0/0    25:42   2:12   0:00 
Eriah Hayes              0  0  0   0  0   0  7  1  2  1  1/2    18:15   1:31   0:00 
Jordin Tootoo            0  0  0   0  5   3  3  1  3  0  0/1    16:49   1:31   0:00 
Karl Stollery            0  0  0   1  0   0  1  0  0  2  0/0    22:49   1:46   0:00 
Markus Lauridsen         0  0  0  -1  0   0  2  1  0  0  0/0    19:46   0:00   0:00 
Matt Lindblad            0  0  0  -1  0   1  0  1  1  2  1/1    13:45   0:00   0:00 
Mike Sgarbossa           0  0  0  -1  0   3  1  0  2  0  5/7    12:57   0:00   0:00 
Nick Jensen              0  0  0  -1  5   1  4  2  0  0  0/0    17:16   0:00   0:00 
Phillip Danault          0  1  1   1  0   2  0  1  3  0  3/3    13:42   0:00   0:00 
Stanislav Galiev         0  1  1   1  0   3  4  0  3  0  1/1    12:54   0:00   0:00 
Taylor Pyatt             0  0  0   0  0   2  3  0  4  1  2/2    21:30   2:27   0:00 
Travis Oleksuk           0  0  0   0  0   0  0  0  0  0  3/5    16:57   1:31   0:00 
Zach Trotman             1  0  1   1  5   3  1  0  0  1  0/0    20:29   1:46   0:00 

3 Stars

1 - Peter Mannino (CHI)
2 - John Curry (SYR)
3 - Stanislav Galiev (SYR)

Power Play

Wolves - 0 on 0 Attempt(s) - 0.00%
Crunch - 0 on 2 Attempt(s) - 0.00%

Penalty Kill

Wolves - 2 on 2 Attempt(s) - 100.00% - Score 0 goal in Penalty Kill
Crunch - 0 on 0 Attempt(s) - 0.00% - Score 0 goal in Penalty Kill

Official

Referees : Unknown
Linesman : Unknown

Game Notes

Zach Trotman beats up Jared Boll at 0:10 of 3rd period
Corbin McPherson beats up Jordin Tootoo at 1:10 of 3rd period
Nick Jensen beats up Dane Byers at 3:36 of 3rd period
Eriah Hayes is injured at 4:05 of 1st overtime period (Left Hand)

Finance

Level 1 -- Attendance: 1371 (68.55%) -- Ticket Income $34,275
Level 2 -- Attendance: 764 (76.40%) -- Ticket Income $7,640
Total Attendance: 2135 (71.17%)
Total Ticket Income: $41,915
Other Income: $20,538
Total Income: $62,453

Wolves

5 vs 5 Forward 
   Center                   Left Wing                Right Wing               Time % Phy DF OF 
 1 Jordan Schroeder         Chris Terry              Jared Boll               35     1   2  2  
 2 Cedric Paquette          Daniel Carcillo          Aaron Volpatti           30     1   2  2  
 3 Landon Ferraro           Aaron Volpatti           Christian Hanson         22     1   2  2  
 4 Joel Broda               Dane Byers               Logan Shaw               13     1   2  2  

5 vs 5 Defense 
   Defense                  Defense                                           Time % Phy DF OF 
 1 Mark Pysyk               Kent Huskins                                      35     1   2  2  
 2 Corbin McPherson         Michael Caruso                                    30     1   2  2  
 3 Mark Pysyk               Kent Huskins                                      22     1   2  2  
 4 Mark Pysyk               Kent Huskins                                      13     1   2  2  

PowerPlay Forward 
   Center                   Left Wing                Right Wing               Time % Phy DF OF 
 1 Jordan Schroeder         Chris Terry              Jared Boll               60     1   2  2  
 2 Cedric Paquette          Daniel Carcillo          Aaron Volpatti           40     1   2  2  

PowerPlay Defense
   Defense                  Defense                                           Time % Phy DF OF 
 1 Mark Pysyk               Kent Huskins                                      60     1   2  2  
 2 Corbin McPherson         Michael Caruso                                    40     1   2  2  

Penalty Kill 4 Players Forward 
   Center                   Wing                     Time % Phy DF OF 
 1 Chris Terry              Jordan Schroeder         60     1   2  2  
 2 Jared Boll               Daniel Carcillo          40     1   2  2  

Penalty Kill 4 Players Defense
   Defense                  Defense                  Time % Phy DF OF 
 1 Mark Pysyk               Kent Huskins             60     1   2  2  
 2 Corbin McPherson         Michael Caruso           40     1   2  2  

Penalty Kill - 3 Players Forward 
   Forward                                           Time % Phy DF OF 
 1 Chris Terry                                       60     1   2  2  
 2 Jordan Schroeder                                  40     1   2  2  

Penalty Kill - 3 Players Defense
   Defense                  Defense                  Time % Phy DF OF 
 1 Mark Pysyk               Kent Huskins             60     1   2  2  
 2 Corbin McPherson         Michael Caruso           40     1   2  2  

4 vs 4 Forward 
   Center                   Wing                     Time % Phy DF OF 
 1 Chris Terry              Jordan Schroeder         60     1   2  2  
 2 Jared Boll               Daniel Carcillo          40     1   2  2  

4 vs 4 Defense
   Defense                  Defense                  Time % Phy DF OF 
 1 Mark Pysyk               Kent Huskins             60     1   2  2  
 2 Corbin McPherson         Michael Caruso           40     1   2  2  

Last Minutes Offensive
   Center                   Left Wing                Right Wing               Defense                  Defense                  
   Jordan Schroeder         Chris Terry              Jared Boll               Mark Pysyk               Kent Huskins             

Last Minutes Defensive
   Center                   Left Wing                Right Wing               Defense                  Defense                  
   Jordan Schroeder         Chris Terry              Jared Boll               Mark Pysyk               Kent Huskins             

Goaltenders
Starting : Peter Mannino            
Backup : Scott Wedgewood          

Extra Forwards
Normal : Aaron Volpatti, Landon Ferraro, Christian Hanson - PP : Aaron Volpatti, Landon Ferraro - PK : Christian Hanson
Extra Defensemen
Normal : Mark Pysyk, Kent Huskins, Corbin McPherson - PP : Mark Pysyk - PK : Kent Huskins, Corbin McPherson
Penalty Shots
Chris Terry, Jordan Schroeder, Jared Boll, Daniel Carcillo, Aaron Volpatti

Crunch

5 vs 5 Forward 
   Center                   Left Wing                Right Wing               Time % Phy DF OF 
 1 Corban Knight            Andre Petersson          Taylor Pyatt             35     1   2  2  
 2 Travis Oleksuk           Jordin Tootoo            Eriah Hayes              30     1   2  2  
 3 Phillip Danault          Stanislav Galiev         Anton Zlobin             20     1   2  2  
 4 Mike Sgarbossa           Matt Lindblad            Brodie Reid              15     1   2  2  

5 vs 5 Defense 
   Defense                  Defense                                           Time % Phy DF OF 
 1 Danny Syvret             Chad Billins                                      34     1   2  2  
 2 Zach Trotman             Karl Stollery                                     33     1   2  2  
 3 Nick Jensen              Markus Lauridsen                                  33     1   2  2  
 4 Danny Syvret             Chad Billins                                      0      0   5  0  

PowerPlay Forward 
   Center                   Left Wing                Right Wing               Time % Phy DF OF 
 1 Corban Knight            Andre Petersson          Taylor Pyatt             60     0   1  4  
 2 Travis Oleksuk           Jordin Tootoo            Eriah Hayes              40     0   2  3  

PowerPlay Defense
   Defense                  Defense                                           Time % Phy DF OF 
 1 Danny Syvret             Chad Billins                                      60     0   2  3  
 2 Zach Trotman             Karl Stollery                                     40     0   2  3  

Penalty Kill 4 Players Forward 
   Center                   Wing                     Time % Phy DF OF 
 1 Travis Oleksuk           Stanislav Galiev         50     1   4  0  
 2 Phillip Danault          Matt Lindblad            50     1   4  0  

Penalty Kill 4 Players Defense
   Defense                  Defense                  Time % Phy DF OF 
 1 Nick Jensen              Markus Lauridsen         50     1   4  0  
 2 Danny Syvret             Chad Billins             50     1   4  0  

Penalty Kill - 3 Players Forward 
   Forward                                           Time % Phy DF OF 
 1 Travis Oleksuk                                    50     1   4  0  
 2 Phillip Danault                                   50     1   4  0  

Penalty Kill - 3 Players Defense
   Defense                  Defense                  Time % Phy DF OF 
 1 Nick Jensen              Markus Lauridsen         50     1   4  0  
 2 Danny Syvret             Chad Billins             50     1   4  0  

4 vs 4 Forward 
   Center                   Wing                     Time % Phy DF OF 
 1 Corban Knight            Taylor Pyatt             60     0   1  4  
 2 Travis Oleksuk           Eriah Hayes              40     1   2  2  

4 vs 4 Defense
   Defense                  Defense                  Time % Phy DF OF 
 1 Danny Syvret             Chad Billins             50     1   2  2  
 2 Zach Trotman             Karl Stollery            50     1   2  2  

Last Minutes Offensive
   Center                   Left Wing                Right Wing               Defense                  Defense                  
   Corban Knight            Andre Petersson          Taylor Pyatt             Danny Syvret             Chad Billins             

Last Minutes Defensive
   Center                   Left Wing                Right Wing               Defense                  Defense                  
   Corban Knight            Andre Petersson          Taylor Pyatt             Danny Syvret             Chad Billins             

Goaltenders
Starting : John Curry               
Backup : Richard Bachman          

Extra Forwards
Normal : Taylor Pyatt, Eriah Hayes, Jordin Tootoo - PP : Taylor Pyatt, Eriah Hayes - PK : Taylor Pyatt
Extra Defensemen
Normal : Danny Syvret, Chad Billins, Zach Trotman - PP : Danny Syvret - PK : Danny Syvret, Chad Billins
Penalty Shots
Andre Petersson, Eriah Hayes, Jordin Tootoo, Corban Knight, Travis Oleksuk

% Time on Ice - Wolves

Lines # - Real PCT - Wanted PCT - Time Play
Normal Forward
1 - 29% - 35% - 16:25
2 - 27% - 30% - 15:05
3 - 17% - 22% - 9:33
4 - 27% - 13% - 14:59
Normal Defense
1 - 35% - 35% - 19:30
2 - 40% - 30% - 22:32
3 - 16% - 22% - 9:11
4 - 9% - 13% - 4:49
PP Forward
1 - 0% - 60%
2 - 0% - 40%
PP Defense
1 - 0% - 60%
2 - 0% - 40%
PK Forward
1 - 79% - 60% - 3:08
2 - 21% - 40% - 0:50
PK Defense
1 - 61% - 60% - 2:24
2 - 39% - 40% - 1:34
PK3 Forward
1 - 0% - 60%
2 - 0% - 40%
PK3 Defense
1 - 0% - 60%
2 - 0% - 40%
44 Forward
1 - 100% - 60% - 5:00
2 - 0% - 40% - 0:00
44 Defense
1 - 65% - 60% - 3:15
2 - 35% - 40% - 1:45
Last Minute Offensive  - 0:00
Last Minute Defensive  - 0:00
Total
Forward - 65:00
Defense - 65:00

% Time on Ice - Crunch

Lines # - Real PCT - Wanted PCT - Time Play
Normal Forward
1 - 26% - 35% - 14:45
2 - 28% - 30% - 15:26
3 - 23% - 20% - 12:54
4 - 23% - 15% - 12:57
Normal Defense
1 - 31% - 34% - 17:12
2 - 34% - 33% - 18:59
3 - 35% - 33% - 19:46
4 - 0% - 0% - 0:05
PP Forward
1 - 62% - 60% - 2:27
2 - 38% - 40% - 1:31
PP Defense
1 - 55% - 60% - 2:12
2 - 45% - 40% - 1:46
PK Forward
1 - 0% - 50%
2 - 0% - 50%
PK Defense
1 - 0% - 50%
2 - 0% - 50%
PK3 Forward
1 - 0% - 50%
2 - 0% - 50%
PK3 Defense
1 - 0% - 50%
2 - 0% - 50%
44 Forward
1 - 100% - 60% - 5:00
2 - 0% - 40% - 0:00
44 Defense
1 - 58% - 50% - 2:55
2 - 42% - 50% - 2:05
Last Minute Offensive  - 0:00
Last Minute Defensive  - 0:00
Total
Forward - 65:00
Defense - 65:00

Play by Play

1st period


0:01 of 1st period - Corban Knight wins face-off versus Jordan Schroeder in neutral zone.
0:56 of 1st period - Daniel Carcillo is hit by Eriah Hayes and loses puck.
1:13 of 1st period - Daniel Carcillo is hit by Eriah Hayes and loses puck.
1:44 of 1st period - Phillip Danault is hit by Dane Byers.
1:58 of 1st period - Slapshot by Phillip Danault.
1:58 of 1st period - Shot Blocked by Kent Huskins.
2:00 of 1st period - Slapshot by Anton Zlobin.
2:00 of 1st period - Stopped by Peter Mannino with a rebound.
2:06 of 1st period - Wrist shot by Phillip Danault.
2:06 of 1st period - Shot Blocked by Kent Huskins.
2:08 of 1st period - Slapshot by Nick Jensen.
2:08 of 1st period - Shot Blocked by Kent Huskins.
2:10 of 1st period - Slapshot by Markus Lauridsen.
2:10 of 1st period - Deflect By Anton Zlobin.
2:10 of 1st period - Stopped by Peter Mannino without a rebound.
2:11 of 1st period - Mike Sgarbossa wins face-off versus Aaron Volpatti in Wolves zone.
2:38 of 1st period - Snap shot by Mike Sgarbossa.
2:38 of 1st period - Shot Misses the Net.
3:09 of 1st period - Markus Lauridsen is hit by Chris Terry and loses puck.
3:31 of 1st period - Markus Lauridsen is hit by Jared Boll and loses puck.
3:46 of 1st period - Snap shot by Stanislav Galiev.
3:46 of 1st period - Stopped by Peter Mannino without a rebound.
3:47 of 1st period - Phillip Danault wins face-off versus Joel Broda in Wolves zone.
4:14 of 1st period - Wrist shot by Dane Byers.
4:14 of 1st period - Stopped by John Curry without a rebound.
4:15 of 1st period - Travis Oleksuk wins face-off versus Cedric Paquette in Crunch zone.
5:05 of 1st period - Wrist shot by Brodie Reid.
5:05 of 1st period - Shot Misses the Net.
5:07 of 1st period - Slapshot by Chad Billins.
5:07 of 1st period - Stopped by Peter Mannino without a rebound.
5:08 of 1st period - Jared Boll wins face-off versus Mike Sgarbossa in Wolves zone.
5:15 of 1st period - Brodie Reid is hit by Jared Boll and loses puck.
5:34 of 1st period - Jared Boll is hit by Zach Trotman and loses puck.
6:07 of 1st period - Mark Pysyk is hit by Karl Stollery and loses puck.
6:30 of 1st period - Christian Hanson is hit by Stanislav Galiev and loses puck.
6:39 of 1st period - Snap shot by Aaron Volpatti.
6:39 of 1st period - Stopped by John Curry with a rebound.
6:45 of 1st period - Aaron Volpatti is hit by Stanislav Galiev and loses puck.
7:50 of 1st period - Snap shot by Chad Billins.
7:50 of 1st period - Stopped by Peter Mannino with a rebound.
7:52 of 1st period - Slapshot by Danny Syvret.
7:52 of 1st period - Stopped by Peter Mannino without a rebound.
7:53 of 1st period - Matt Lindblad wins face-off versus Joel Broda in Wolves zone.
7:56 of 1st period - Snap shot by Matt Lindblad.
7:56 of 1st period - Deflect By Brodie Reid.
7:56 of 1st period - Stopped by Peter Mannino without a rebound.
7:57 of 1st period - Mike Sgarbossa wins face-off versus Joel Broda in Wolves zone.
8:00 of 1st period - Wrist shot by Matt Lindblad.
8:00 of 1st period - Stopped by Peter Mannino without a rebound.
8:01 of 1st period - Mike Sgarbossa wins face-off versus Joel Broda in Wolves zone.
8:01 of 1st period - Chad Billins is hit by Corbin McPherson and loses puck.
8:16 of 1st period - Wrist shot by Matt Lindblad.
8:16 of 1st period - Deflect By Brodie Reid.
8:16 of 1st period - Shot Misses the Net.
8:16 of 1st period - Puck is out of play.
8:17 of 1st period - Jordan Schroeder wins face-off versus Corban Knight in Wolves zone.
8:17 of 1st period - Jordan Schroeder is hit by Andre Petersson.
8:20 of 1st period - Minor Penalty to Jared Boll for Interference.
8:21 of 1st period - Chris Terry wins face-off versus Corban Knight in Wolves zone.
8:31 of 1st period - Kent Huskins is hit by Chad Billins.
8:37 of 1st period - Wrist shot by Andre Petersson.
8:37 of 1st period - Stopped by Peter Mannino with a rebound.
8:39 of 1st period - Wrist shot by Andre Petersson.
8:39 of 1st period - Stopped by Peter Mannino with a rebound.
9:09 of 1st period - Eriah Hayes is hit by Jordan Schroeder.
9:21 of 1st period - Snap shot by Chris Terry.
9:21 of 1st period - Shot Blocked by Chad Billins.
9:31 of 1st period - Michael Caruso is hit by Eriah Hayes and loses puck.
10:05 of 1st period - Zach Trotman is hit by Chris Terry and loses puck.
10:20 of 1st period - Penalty to Jared Boll is over, Jared Boll is back on ice.
10:28 of 1st period - Wrist shot by Jordin Tootoo.
10:28 of 1st period - Shot Blocked by Michael Caruso.
10:43 of 1st period - Christian Hanson is hit by Eriah Hayes and loses puck.
11:01 of 1st period - Dane Byers is hit by Stanislav Galiev and loses puck.
11:26 of 1st period - Snap shot by Dane Byers.
11:26 of 1st period - Shot Misses the Net.
11:28 of 1st period - Slapshot by Mark Pysyk.
11:28 of 1st period - Shot Misses the Net.
11:42 of 1st period - Wrist shot by Landon Ferraro.
11:42 of 1st period - Stopped by John Curry with a rebound.
11:54 of 1st period - Snap shot by Aaron Volpatti.
11:54 of 1st period - Deflect By Stanislav Galiev.
11:54 of 1st period - Shot Blocked by Phillip Danault.
11:54 of 1st period - Puck is out of play.
11:55 of 1st period - Mike Sgarbossa wins face-off versus Cedric Paquette in Crunch zone.
12:00 of 1st period - Cedric Paquette is hit by Mike Sgarbossa and loses puck.
14:28 of 1st period - Snap shot by Jordan Schroeder.
14:28 of 1st period - Shot Misses the Net.
14:54 of 1st period - Wrist shot by Aaron Volpatti.
14:54 of 1st period - Stopped by John Curry with a rebound.
14:56 of 1st period - Snap shot by Christian Hanson.
14:56 of 1st period - Shot Misses the Net.
14:58 of 1st period - Slapshot by Aaron Volpatti.
14:58 of 1st period - Shot Misses the Net.
15:20 of 1st period - Slapshot by Mark Pysyk.
15:20 of 1st period - Shot Misses the Net.
15:40 of 1st period - Wrist shot by Jordan Schroeder.
15:40 of 1st period - Shot Blocked by Markus Lauridsen.
16:01 of 1st period - Slapshot by Phillip Danault.
16:01 of 1st period - Shot Blocked by Jordan Schroeder.
16:42 of 1st period - Karl Stollery is hit by Aaron Volpatti and loses puck.
16:49 of 1st period - Daniel Carcillo is hit by Taylor Pyatt and loses puck.
17:08 of 1st period - Wrist shot by Jordin Tootoo.
17:08 of 1st period - Shot Hit the Post.
17:37 of 1st period - Icing by Kent Huskins.
17:38 of 1st period - Anton Zlobin wins face-off versus Landon Ferraro in Wolves zone.
17:39 of 1st period - Snap shot by Stanislav Galiev.
17:39 of 1st period - Stopped by Peter Mannino without a rebound.
17:40 of 1st period - Phillip Danault wins face-off versus Landon Ferraro in Wolves zone.
17:49 of 1st period - Snap shot by Phillip Danault.
17:49 of 1st period - Stopped by Peter Mannino with a rebound.
17:51 of 1st period - Wrist shot by Phillip Danault.
17:51 of 1st period - Shot Misses the Net.
17:53 of 1st period - Slapshot by Zach Trotman.
17:53 of 1st period - Goal by Zach Trotman - Wolves : 0 - Crunch : 1.
17:54 of 1st period - Taylor Pyatt wins face-off versus Jordan Schroeder in neutral zone.
18:13 of 1st period - Off-side.
18:14 of 1st period - Chris Terry wins face-off versus Corban Knight in neutral zone.
18:52 of 1st period - Snap shot by Dane Byers.
18:52 of 1st period - Shot Blocked by Eriah Hayes.
18:54 of 1st period - Wrist shot by Corbin McPherson.
18:54 of 1st period - Shot Misses the Net.
18:56 of 1st period - Snap shot by Mark Pysyk.
18:56 of 1st period - Shot Misses the Net.
19:15 of 1st period - Kent Huskins is hit by Markus Lauridsen.
Goals for this period are 0 for Wolves vs 1 for Crunch.
Shots for this period are 4 for Wolves vs 13 for Crunch.

2nd period


0:01 of 2nd period - Corban Knight wins face-off versus Jordan Schroeder in neutral zone.
0:12 of 2nd period - Backhand shot by Taylor Pyatt.
0:12 of 2nd period - Shot Misses the Net.
0:38 of 2nd period - Slapshot by Taylor Pyatt.
0:38 of 2nd period - Deflect By Corban Knight.
0:38 of 2nd period - Stopped by Peter Mannino with a rebound.
0:54 of 2nd period - Jordin Tootoo is hit by Aaron Volpatti and loses puck.
1:05 of 2nd period - Corbin McPherson is hit by Jordin Tootoo and loses puck.
1:17 of 2nd period - Snap shot by Daniel Carcillo.
1:17 of 2nd period - Shot Blocked by Jordin Tootoo.
1:19 of 2nd period - Slapshot by Corbin McPherson.
1:19 of 2nd period - Stopped by John Curry with a rebound.
1:21 of 2nd period - Wrist shot by Aaron Volpatti.
1:21 of 2nd period - Stopped by John Curry with a rebound.
1:23 of 2nd period - Slapshot by Corbin McPherson.
1:23 of 2nd period - Stopped by John Curry with a rebound.
1:25 of 2nd period - Snap shot by Cedric Paquette.
1:25 of 2nd period - Shot Misses the Net.
2:04 of 2nd period - Minor Penalty to Dane Byers for Hooking.
2:05 of 2nd period - Corban Knight wins face-off versus Chris Terry in Wolves zone.
2:25 of 2nd period - Wrist shot by Andre Petersson.
2:25 of 2nd period - Shot Blocked by Chris Terry.
2:27 of 2nd period - Snap shot by Taylor Pyatt.
2:27 of 2nd period - Stopped by Peter Mannino without a rebound.
2:28 of 2nd period - Chris Terry wins face-off versus Corban Knight in Wolves zone.
3:13 of 2nd period - Chris Terry is hit by Eriah Hayes and loses puck.
3:24 of 2nd period - Snap shot by Eriah Hayes.
3:24 of 2nd period - Shot Blocked by Jordan Schroeder.
3:26 of 2nd period - Slapshot by Danny Syvret.
3:26 of 2nd period - Stopped by Peter Mannino with a rebound.
3:28 of 2nd period - Snap shot by Chad Billins.
3:28 of 2nd period - Stopped by Peter Mannino with a rebound.
3:30 of 2nd period - Snap shot by Danny Syvret.
3:30 of 2nd period - Shot Misses the Net.
4:04 of 2nd period - Penalty to Dane Byers is over, Dane Byers is back on ice.
4:11 of 2nd period - Snap shot by Jordin Tootoo.
4:11 of 2nd period - Stopped by Peter Mannino with a rebound.
5:02 of 2nd period - Stanislav Galiev is hit by Corbin McPherson.
5:44 of 2nd period - Kent Huskins is hit by Nick Jensen and loses puck.
6:06 of 2nd period - Taylor Pyatt is hit by Aaron Volpatti and loses puck.
7:00 of 2nd period - Wrist shot by Landon Ferraro.
7:00 of 2nd period - Shot Blocked by Danny Syvret.
7:51 of 2nd period - Off-side.
7:52 of 2nd period - Cedric Paquette wins face-off versus Jordin Tootoo in neutral zone.
8:01 of 2nd period - Wrist shot by Aaron Volpatti.
8:01 of 2nd period - Shot Misses the Net.
8:07 of 2nd period - Mark Pysyk is hit by Eriah Hayes and loses puck.
8:34 of 2nd period - Wrist shot by Jared Boll.
8:34 of 2nd period - Shot Blocked by Danny Syvret.
10:41 of 2nd period - Eriah Hayes is hit by Michael Caruso and loses puck.
11:20 of 2nd period - Icing by Michael Caruso.
11:21 of 2nd period - Corban Knight wins face-off versus Landon Ferraro in Wolves zone.
11:32 of 2nd period - Landon Ferraro is hit by Taylor Pyatt and loses puck.
12:06 of 2nd period - Kent Huskins is hit by Stanislav Galiev and loses puck.
12:31 of 2nd period - Slapshot by Chad Billins.
12:31 of 2nd period - Stopped by Peter Mannino with a rebound.
12:33 of 2nd period - Wrist shot by Anton Zlobin.
12:33 of 2nd period - Stopped by Peter Mannino without a rebound.
12:34 of 2nd period - Mike Sgarbossa wins face-off versus Daniel Carcillo in Wolves zone.
12:57 of 2nd period - Off-side.
12:58 of 2nd period - Taylor Pyatt wins face-off versus Landon Ferraro in neutral zone.
13:19 of 2nd period - Slapshot by Taylor Pyatt.
13:19 of 2nd period - Deflect By Andre Petersson.
13:19 of 2nd period - Stopped by Peter Mannino with a rebound.
13:21 of 2nd period - Slapshot by Danny Syvret.
13:21 of 2nd period - Shot Blocked by Mark Pysyk.
13:23 of 2nd period - Snap shot by Taylor Pyatt.
13:23 of 2nd period - Shot Misses the Net.
13:25 of 2nd period - Wrist shot by Taylor Pyatt.
13:25 of 2nd period - Deflect By Andre Petersson.
13:25 of 2nd period - Stopped by Peter Mannino with a rebound.
13:27 of 2nd period - Snap shot by Corban Knight.
13:27 of 2nd period - Shot Blocked by Mark Pysyk.
14:10 of 2nd period - Markus Lauridsen is hit by Cedric Paquette.
14:30 of 2nd period - Snap shot by Jordan Schroeder.
14:30 of 2nd period - Stopped by John Curry with a rebound.
14:38 of 2nd period - Slapshot by Jordan Schroeder.
14:38 of 2nd period - Shot Misses the Net.
15:03 of 2nd period - Yannick Weber is hit by Jordin Tootoo and loses puck.
15:16 of 2nd period - Yannick Weber is hit by Nick Jensen and loses puck.
15:29 of 2nd period - Yannick Weber is hit by Markus Lauridsen and loses puck.
15:38 of 2nd period - Icing by Cedric Paquette.
15:39 of 2nd period - Corban Knight wins face-off versus Cedric Paquette in Wolves zone.
15:44 of 2nd period - Slapshot by Andre Petersson.
15:44 of 2nd period - Shot Misses the Net.
16:31 of 2nd period - Danny Syvret is hit by Jared Boll and loses puck.
16:44 of 2nd period - Matt Lindblad is hit by Yann Sauve and loses puck.
17:51 of 2nd period - Snap shot by Jordin Tootoo.
17:51 of 2nd period - Stopped by Peter Mannino without a rebound.
17:52 of 2nd period - Jordan Schroeder wins face-off versus Corban Knight in Wolves zone.
18:07 of 2nd period - Jordan Schroeder is hit by Corban Knight and loses puck.
18:14 of 2nd period - Jared Boll is hit by Taylor Pyatt and loses puck.
Goals for this period are 0 for Wolves vs 0 for Crunch.
Shots for this period are 4 for Wolves vs 10 for Crunch.

3rd period


0:01 of 3rd period - Corban Knight wins face-off versus Jordan Schroeder in neutral zone.
0:04 of 3rd period - Slapshot by Taylor Pyatt.
0:04 of 3rd period - Shot Misses the Net.
0:10 of 3rd period - Zach Trotman beats up Jared Boll.
0:10 of 3rd period - Penalty to Zach Trotman for Fighting.
0:10 of 3rd period - Penalty to Jared Boll for Fighting.
0:11 of 3rd period - Corban Knight wins face-off versus Jordan Schroeder in Wolves zone.
0:28 of 3rd period - Danny Syvret is hit by Aaron Volpatti and loses puck.
0:35 of 3rd period - Snap shot by Corban Knight.
0:35 of 3rd period - Stopped by Peter Mannino with a rebound.
0:37 of 3rd period - Slapshot by Danny Syvret.
0:37 of 3rd period - Shot Blocked by Mark Pysyk.
1:04 of 3rd period - Icing by Jordin Tootoo.
1:05 of 3rd period - Travis Oleksuk wins face-off versus Joel Broda in Crunch zone.
1:05 of 3rd period - Travis Oleksuk is hit by Michael Caruso.
1:10 of 3rd period - Corbin McPherson beats up Jordin Tootoo.
1:10 of 3rd period - Penalty to Jordin Tootoo for Fighting.
1:10 of 3rd period - Penalty to Corbin McPherson for Fighting.
1:11 of 3rd period - Corban Knight wins face-off versus Cedric Paquette in Wolves zone.
1:12 of 3rd period - Slapshot by Taylor Pyatt.
1:12 of 3rd period - Shot Misses the Net.
1:14 of 3rd period - Snap shot by Markus Lauridsen.
1:14 of 3rd period - Shot Blocked by Daniel Carcillo.
1:16 of 3rd period - Slapshot by Nick Jensen.
1:16 of 3rd period - Deflect By Kent Huskins.
1:16 of 3rd period - Stopped by Peter Mannino with a rebound.
1:18 of 3rd period - Wrist shot by Andre Petersson.
1:18 of 3rd period - Shot Misses the Net.
1:20 of 3rd period - Snap shot by Nick Jensen.
1:20 of 3rd period - Shot Blocked by Mark Pysyk.
1:36 of 3rd period - Wrist shot by Taylor Pyatt.
1:36 of 3rd period - Shot Misses the Net.
1:38 of 3rd period - Wrist shot by Andre Petersson.
1:38 of 3rd period - Shot Misses the Net.
1:40 of 3rd period - Snap shot by Andre Petersson.
1:40 of 3rd period - Stopped by Peter Mannino without a rebound.
1:41 of 3rd period - Jordan Schroeder wins face-off versus Travis Oleksuk in Wolves zone.
1:41 of 3rd period - Jordan Schroeder is hit by Eriah Hayes.
1:53 of 3rd period - Slapshot by Jordan Schroeder.
1:53 of 3rd period - Stopped by John Curry with a rebound.
1:55 of 3rd period - Slapshot by Chris Terry.
1:55 of 3rd period - Stopped by John Curry with a rebound.
2:28 of 3rd period - Backhand shot by Anton Zlobin.
2:28 of 3rd period - Stopped by Peter Mannino with a rebound.
2:30 of 3rd period - Snap shot by Stanislav Galiev.
2:30 of 3rd period - Shot Misses the Net.
3:09 of 3rd period - Wrist shot by Matt Lindblad.
3:09 of 3rd period - Shot Misses the Net.
3:25 of 3rd period - Snap shot by Mike Sgarbossa.
3:25 of 3rd period - Stopped by Peter Mannino with a rebound.
3:27 of 3rd period - Wrist shot by Mike Sgarbossa.
3:27 of 3rd period - Stopped by Peter Mannino with a rebound.
3:36 of 3rd period - Nick Jensen beats up Dane Byers.
3:36 of 3rd period - Penalty to Nick Jensen for Fighting.
3:36 of 3rd period - Penalty to Dane Byers for Fighting.
3:37 of 3rd period - Eriah Hayes wins face-off versus Jordan Schroeder in Wolves zone.
3:54 of 3rd period - Snap shot by Eriah Hayes.
3:54 of 3rd period - Shot Misses the Net.
4:00 of 3rd period - Taylor Pyatt is hit by Chris Terry and loses puck.
5:00 of 3rd period - Wrist shot by Phillip Danault.
5:00 of 3rd period - Shot Misses the Net.
5:02 of 3rd period - Wrist shot by Stanislav Galiev.
5:02 of 3rd period - Shot Misses the Net.
6:04 of 3rd period - Snap shot by Corban Knight.
6:04 of 3rd period - Stopped by Peter Mannino with a rebound.
6:37 of 3rd period - Snap shot by Jordin Tootoo.
6:37 of 3rd period - Shot Blocked by Logan Shaw.
6:39 of 3rd period - Slapshot by Zach Trotman.
6:39 of 3rd period - Shot Misses the Net.
6:50 of 3rd period - Snap shot by Jordin Tootoo.
6:50 of 3rd period - Shot Blocked by Corbin McPherson.
7:09 of 3rd period - Daniel Carcillo is hit by Chad Billins and loses puck.
7:18 of 3rd period - Snap shot by Anton Zlobin.
7:18 of 3rd period - Shot Blocked by Daniel Carcillo.
7:20 of 3rd period - Slapshot by Anton Zlobin.
7:20 of 3rd period - Shot Blocked by Daniel Carcillo.
7:24 of 3rd period - Snap shot by Stanislav Galiev.
7:24 of 3rd period - Stopped by Peter Mannino with a rebound.
7:26 of 3rd period - Wrist shot by Phillip Danault.
7:26 of 3rd period - Stopped by Peter Mannino without a rebound.
7:27 of 3rd period - Landon Ferraro wins face-off versus Corban Knight in Wolves zone.
7:38 of 3rd period - Christian Hanson is hit by Danny Syvret.
8:43 of 3rd period - Snap shot by Aaron Volpatti.
8:43 of 3rd period - Stopped by John Curry with a rebound.
9:00 of 3rd period - Wrist shot by Dane Byers.
9:00 of 3rd period - Shot Hit the Post.
9:06 of 3rd period - Karl Stollery is hit by Dane Byers.
9:35 of 3rd period - Slapshot by Yannick Weber.
9:35 of 3rd period - Deflect By Danny Syvret.
9:35 of 3rd period - Stopped by John Curry without a rebound.
9:36 of 3rd period - Phillip Danault wins face-off versus Chris Terry in Crunch zone.
9:48 of 3rd period - Phillip Danault is hit by Mark Pysyk and loses puck.
10:22 of 3rd period - Aaron Volpatti is hit by Nick Jensen.
11:08 of 3rd period - Snap shot by Mike Sgarbossa.
11:08 of 3rd period - Stopped by Peter Mannino with a rebound.
11:16 of 3rd period - Snap shot by Mike Sgarbossa.
11:16 of 3rd period - Shot Blocked by Cedric Paquette.
11:18 of 3rd period - Slapshot by Zach Trotman.
11:18 of 3rd period - Stopped by Peter Mannino without a rebound.
11:19 of 3rd period - Travis Oleksuk wins face-off versus Joel Broda in Wolves zone.
11:42 of 3rd period - Zach Trotman is hit by Logan Shaw and loses puck.
12:04 of 3rd period - Snap shot by Jordan Schroeder.
12:04 of 3rd period - Shot Misses the Net.
12:06 of 3rd period - Wrist shot by Chris Terry.
12:06 of 3rd period - Shot Misses the Net.
12:08 of 3rd period - Wrist shot by Chris Terry.
12:08 of 3rd period - Shot Misses the Net.
12:10 of 3rd period - Slapshot by Mark Pysyk.
12:10 of 3rd period - Shot Misses the Net.
12:12 of 3rd period - Snap shot by Chris Terry.
12:12 of 3rd period - Shot Misses the Net.
12:14 of 3rd period - Wrist shot by Jordan Schroeder.
12:14 of 3rd period - Stopped by John Curry with a rebound.
13:14 of 3rd period - Wrist shot by Yannick Weber.
13:14 of 3rd period - Stopped by John Curry with a rebound.
13:16 of 3rd period - Slapshot by Michael Caruso.
13:16 of 3rd period - Shot Misses the Net.
13:20 of 3rd period - Snap shot by Logan Shaw.
13:20 of 3rd period - Shot Misses the Net.
13:22 of 3rd period - Slapshot by Mark Pysyk.
13:22 of 3rd period - Shot Misses the Net.
13:24 of 3rd period - Wrist shot by Landon Ferraro.
13:24 of 3rd period - Shot Misses the Net.
13:38 of 3rd period - Snap shot by Jared Boll.
13:38 of 3rd period - Stopped by John Curry with a rebound.
13:46 of 3rd period - Snap shot by Jared Boll.
13:46 of 3rd period - Stopped by John Curry with a rebound.
14:01 of 3rd period - Chad Billins is hit by Dane Byers and loses puck.
14:18 of 3rd period - Daniel Carcillo is hit by Jordin Tootoo and loses puck.
14:37 of 3rd period - Snap shot by Jordin Tootoo.
14:37 of 3rd period - Stopped by Peter Mannino without a rebound.
14:38 of 3rd period - Landon Ferraro wins face-off versus Mike Sgarbossa in Wolves zone.
14:45 of 3rd period - Snap shot by Aaron Volpatti.
14:45 of 3rd period - Shot Blocked by Matt Lindblad.
14:57 of 3rd period - Backhand shot by Mark Pysyk.
14:57 of 3rd period - Shot Misses the Net.
15:13 of 3rd period - Wrist shot by Jared Boll.
15:13 of 3rd period - Shot Blocked by Nick Jensen.
15:15 of 3rd period - Snap shot by Jordan Schroeder.
15:15 of 3rd period - Shot Blocked by Nick Jensen.
15:17 of 3rd period - Snap shot by Jared Boll.
15:17 of 3rd period - Goal by Jared Boll - Wolves : 1 - Crunch : 1.
15:18 of 3rd period - Joel Broda wins face-off versus Travis Oleksuk in neutral zone.
15:34 of 3rd period - Snap shot by Eriah Hayes.
15:34 of 3rd period - Shot Misses the Net.
15:52 of 3rd period - Wrist shot by Jordin Tootoo.
15:52 of 3rd period - Shot Blocked by Mark Pysyk.
15:54 of 3rd period - Slapshot by Zach Trotman.
15:54 of 3rd period - Stopped by Peter Mannino without a rebound.
15:55 of 3rd period - Stanislav Galiev wins face-off versus Jordan Schroeder in Wolves zone.
16:12 of 3rd period - Wrist shot by Chris Terry.
16:12 of 3rd period - Shot Blocked by Anton Zlobin.
16:53 of 3rd period - Andre Petersson is hit by Cedric Paquette and loses puck.
18:23 of 3rd period - Dane Byers is hit by Nick Jensen and loses puck.
18:48 of 3rd period - Karl Stollery is hit by Jordan Schroeder and loses puck.
19:11 of 3rd period - Snap shot by Daniel Carcillo.
19:11 of 3rd period - Shot Misses the Net.
19:13 of 3rd period - Slapshot by Mark Pysyk.
19:13 of 3rd period - Deflect By Daniel Carcillo.
19:13 of 3rd period - Shot Misses the Net.
19:13 of 3rd period - Puck is out of play.
19:14 of 3rd period - Corban Knight wins face-off versus Cedric Paquette in Crunch zone.
19:31 of 3rd period - Taylor Pyatt is hit by Landon Ferraro.
Goals for this period are 1 for Wolves vs 0 for Crunch.
Shots for this period are 9 for Wolves vs 13 for Crunch.

Overtime #1


0:01 of 1st overtime period - Chris Terry wins face-off versus Corban Knight in neutral zone.
0:20 of 1st overtime period - Wrist shot by Chris Terry.
0:20 of 1st overtime period - Shot Misses the Net.
1:12 of 1st overtime period - Wrist shot by Chris Terry.
1:12 of 1st overtime period - Shot Misses the Net.
1:14 of 1st overtime period - Slapshot by Corbin McPherson.
1:14 of 1st overtime period - Stopped by John Curry with a rebound.
2:04 of 1st overtime period - Wrist shot by Aaron Volpatti.
2:04 of 1st overtime period - Stopped by John Curry with a rebound.
3:14 of 1st overtime period - Slapshot by Mark Pysyk.
3:14 of 1st overtime period - Deflect By Landon Ferraro.
3:14 of 1st overtime period - Stopped by John Curry with a rebound.
3:28 of 1st overtime period - Slapshot by Taylor Pyatt.
3:28 of 1st overtime period - Stopped by Peter Mannino with a rebound.
3:56 of 1st overtime period - Off-side.
3:57 of 1st overtime period - Chris Terry wins face-off versus Eriah Hayes in neutral zone.
4:04 of 1st overtime period - Eriah Hayes is hit by Joel Broda and loses puck.
4:05 of 1st overtime period - Eriah Hayes from Crunch is injured at 4:05 of 1st overtime period (Left Hand).
4:06 of 1st overtime period - Corban Knight wins face-off versus Chris Terry in Crunch zone.
Goals for this period are 0 for Wolves vs 0 for Crunch.
Shots for this period are 3 for Wolves vs 1 for Crunch.

ShootOut


5:00 of 1st overtime period - Penalty Shot by Chris Terry for Wolves.
5:00 of 1st overtime period - Wrist shot by Chris Terry.
5:00 of 1st overtime period - Shot Misses the Net.
5:00 of 1st overtime period - Penalty Shot by Andre Petersson for Crunch.
5:00 of 1st overtime period - Wrist shot by Andre Petersson.
5:00 of 1st overtime period - Shot Misses the Net.
5:00 of 1st overtime period - Penalty Shot by Jordan Schroeder for Wolves.
5:00 of 1st overtime period - Snap shot by Jordan Schroeder.
5:00 of 1st overtime period - Stopped by John Curry.
5:00 of 1st overtime period - Penalty Shot by Jordin Tootoo for Crunch.
5:00 of 1st overtime period - Deke by Jordin Tootoo.
5:00 of 1st overtime period - Stopped by Peter Mannino.
5:00 of 1st overtime period - Penalty Shot by Jared Boll for Wolves.
5:00 of 1st overtime period - Snap shot by Jared Boll.
5:00 of 1st overtime period - Goal by Jared Boll.
5:00 of 1st overtime period - Penalty Shot by Corban Knight for Crunch.
5:00 of 1st overtime period - Snap shot by Corban Knight.
5:00 of 1st overtime period - Goal by Corban Knight.
5:00 of 1st overtime period - Penalty Shot by Daniel Carcillo for Wolves.
5:00 of 1st overtime period - Wrist shot by Daniel Carcillo.
5:00 of 1st overtime period - Goal by Daniel Carcillo.
5:00 of 1st overtime period - Penalty Shot by Travis Oleksuk for Crunch.
5:00 of 1st overtime period - Backhand shot by Travis Oleksuk.
5:00 of 1st overtime period - Shot Misses the Net.


Output by the SimonT Hockey Simulator (STHS) for Eric Dolegowski -- Original Page W3C XHTML 1.0 Valid
Hockey Simulator - Hockey Simulation - Hockey Manager